 Dungeon Crawl Stone Soup version 0.29-a0-1016-g236c7fd91e (webtiles) character file.

Game seed: 18133898931850967521

14 flotson the Sneak (level 2, 0/24 HPs)
             Began as a Demonspawn Delver on Aug 9, 2022.
             Slain by a jackal (2 damage)
             ... on level 3 of the Dungeon.
             The game lasted 00:02:51 (568 turns).

flotson the Sneak (Demonspawn Delver)                Turns: 568, Time: 00:02:51

Health: 0/24       AC:  8    Str: 12    XL:     2   Next: 27%
Magic:  2/2        EV: 12    Int: 11    God:
Gold:   25         SH:  0    Dex: 14    Spells: 1/1 levels left

rFire   . . .      SeeInvis .   a - +0 spear
rCold   . . .      Faith    .   (no shield)
rNeg    . . .      Spirit   .   e - +3 leather armour
rPois   .          Reflect  .   b - +0 helmet
rElec   .          Harm     .   (no cloak)
rCorr   .          Rampage  .   (no gloves)
Will    .....                   (no boots)
Stlth   ++........              (no amulet)
HPRegen 0.08/turn               (no ring)
MPRegen 0.08/turn               (no ring)

@: no status effects
A: rugged brown scales 1
a: no special abilities


You were on level 3 of the Dungeon.
You visited 1 branch of the dungeon, and saw 4 of its levels.

You collected 25 gold pieces.

Inventory:

Hand Weapons
 a - a +0 spear (weapon)
Armour
 b - a +0 helmet (worn)
 e - a +3 leather armour (worn)
Wands
 g - a wand of digging (1)
Scrolls
 c - a scroll of fog
 d - a scroll of fear
 f - a scroll of silence {unknown}


   Skills:
 + Level 3.2 Fighting
 - Level 1.7 Polearms
 + Level 0.6 Armour
 + Level 2.0 Dodging
 - Level 4.5 Stealth
 + Level 0.7 Evocations


You had one spell level left.
You didn't know any spells.
Your spell library was empty.

Dungeon Overview and Level Annotations

Branches:
Dungeon (6/15)
 Temple: D:4-7

Altars:

Annotations:
D:4 Blork the orc


Innate Abilities, Weirdness & Mutations

You are partially covered in rugged brown scales. (AC +1, +3% HP)


Message History

The adder is moderately wounded.
You feel sick. The adder bites you but does no damage.
You completely miss the adder.
The adder is moderately wounded.
You feel sick.
You are no longer poisoned.
The adder bites you but does no damage.
You hit the adder.
The adder is heavily wounded.
The adder barely misses you. The adder closely misses you.
You hit the adder.
The adder is almost dead.
The adder bites you but does no damage.
You hit the adder.
You kill the adder!
Your Dodging skill increases to level 2!
You have reached level 2!
Your demonic ancestry asserts itself...
Rugged brown scales grow over part of your body.
You barely miss the jackal. The jackal closely misses you.
You hit the jackal.
The jackal is heavily wounded.
The jackal bites you but does no damage. x2
You hit the jackal but do no damage.
The jackal is heavily wounded.
The jackal bites you but does no damage.
You hit the jackal.
The jackal is severely wounded.
The jackal barely misses you. The jackal misses you.
You hit the jackal but do no damage.
The jackal is severely wounded.
The jackal bites you.
* * * LOW HITPOINT WARNING * * *
You closely miss the jackal.
The jackal is severely wounded.
The jackal closely misses you.
You closely miss the jackal.
The jackal is severely wounded.
The jackal bites you.
You die...

#####.# #+#
#...#.###.# #
#.#.#.##..#####..
#.#..##.....h....
#.#......8..<..8.
#.#..##.........?
#.....##..#####..
#.###.###h# #.#
#...#@#
#.###.###.#####
#..>..#.......#
####....##.#####.#
#............# #.#
#.###...##.#[# #.#
#####.####.###.#.#
#.#
...............#.#
#.#
.####.####.#####.#
#.#


You could see a jackal.

Vanquished Creatures
  An adder (D:3)
  A bat (D:3)
  A giant cockroach (D:3)
  A hobgoblin (D:3)
4 creatures vanquished.

Notes
Turn   | Place    | Note
-------+----------+-------------------------------------------
     0 | D:5      | flotson the Demonspawn Delver began the quest for the Orb.
     0 | D:5      | Reached XP level 1. HP: 18/18 MP: 1/1
     3 | D:5      | Noticed a water moccasin
    10 | D:6      | Noticed a hornet
    22 | D:5      | Noticed a hound
    27 | D:4      | Noticed an orc priest
    30 | D:4      | Noticed Blork the orc
    31 | D:4      | Noticed an ogre
    56 | D:4      | Noticed a black bear
   562 | D:3      | Gained mutation: You are partially covered in rugged brown
                  | scales. (AC +1, +3% HP) [demonic ancestry]
   562 | D:3      | Reached XP level 2. HP: 2/24 MP: 2/2
   568 | D:3      | Slain by a jackal

Illustrated notes

Levels and vault maps discovered:
D:3:      layout_loops_ring, grunt_ministairs_15
D:4:      layout_rooms, kennysheep_mini_moat, nicolae_sif_muna_little_library,
          lemuel_crystal_altar, hangedman_decor_push,
          chequers_serial_rivers_room_b, uniq_blork_the_orc,
          uniq_crazy_yiuf_cottage, uniq_duvessa
D:5:      layout_cave_pools, amcnicky_altar_gilded, minmay_temple_entry_arrows,
          ebering_ghost_disaster_area, uniq_grinder, uniq_prince_ribbit1
D:6:      layout_rooms, lemuel_doored_altar, kiku_gazebo_pond_becter,
          uniq_eustachio

Skill      XL: |  1 |
---------------+----+-----
Dodging        | 2 |  2.0
Fighting       | |  3.2
Polearms       | |  1.7
Armour         | |  0.6
Stealth        | |  4.5
Evocations     | |  0.7

Action                   || total
-------------------------++-------
Melee: Spear             ||    47
Evoke: Wand              ||     2
  Use: Scroll            ||     2
       Potion            ||     1
 Stab: Sleeping          ||     1
Armor: Leather armour    ||    18
Dodge: Dodged            ||    28

Table legend: (Time is in decaauts)
 A = Elapsed time spent in this place.
 B = Non-inter-level travel time spent in this place.
 C = Inter-level travel time spent in this place.
 D = Time resting spent in this place.
 E = Time spent auto-exploring this place.
 F = Levels seen in this place.
 G = Mean time per level.
                   A        B        C        D        E       F      G
               +--------+--------+--------+--------+--------+-----+--------+
         Total |    551 |    551 |      0 |     36 |    339 |   4 |  137.8 |
       Dungeon |    551 |    551 |      0 |     36 |    339 |   4 |  137.8 |
               +--------+--------+--------+--------+--------+-----+--------+

Top non-repeatable levels by time:
     D:3: 485 daAuts
     D:4: 38 daAuts
     D:6: 14 daAuts
     D:5: 11 daAuts
